 Dungeon Crawl Stone Soup version 0.27.1-4-g1640c2035a (webtiles) character file.

Game seed: 15978648350177786336

1508 DearestLeader the Vexing (level 8, -1/91 HPs)
             Began as a Gnoll Arcane Marksman on Nov 17, 2021.
             Slain by a wyvern zombie (9 damage)
             ... on level 6 of the Dungeon.
             The game lasted 00:12:14 (6550 turns).

DearestLeader the Vexing (Gnoll Arcane Marksman)    Turns: 6550, Time: 00:12:15

Health: -1/91      AC: 24    Str: 12    XL:     8   Next: 82%
Magic:  22/23      EV:  2    Int: 13    God:
Gold:   119        SH:  0    Dex: 12    Spells: 10/16 levels left

rFire    . . .     SeeInvis .   y - +1 whip (elec)
rCold    + . .     Faith    .   (no shield)
rNeg     + + +     Spirit   .   (armour currently unavailable)
rPois    +         Reflect  .   (helmet currently unavailable)
rElec    .         Harm     .   (cloak currently unavailable)
rCorr    .         Rampage  .   (gloves currently unavailable)
Will     .....     NoTele   +   (boots currently unavailable)
Stlth    ++........             (no amulet)
HPRegen  0.25/turn              j - ring of protection from cold
MPRegen  0.18/turn              m - ring of magical power

@: tree-form (expiring)
A: stationary, stasis, torment immunity, boosted hp, (fangs 1), strong nose,
distributed training
a: no special abilities


You were on level 6 of the Dungeon.
You were a tree.
You visited 1 branch of the dungeon, and saw 6 of its levels.

You collected 119 gold pieces.

Inventory:

Hand Weapons
 a - a +0 hand crossbow
 r - a +0 dagger of venom
 y - a +1 whip of electrocution (weapon)
 D - a +5 dire flail
Missiles
 c - 16 bolts
 k - 2 atropa-tipped darts (quivered)
 q - 6 silver boomerangs
 C - 3 curare-tipped darts
Armour
 b - a +0 helmet (melded)
 l - a +2 leather armour of fire resistance (melded)
 o - a +2 cloak of stealth (melded)
 t - a +0 pair of gloves (melded)
 v - a +1 ring mail of fire resistance
 B - a +2 leather armour of cold resistance
Jewellery
 j - a ring of protection from cold (left branch)
 m - a ring of magical power (right branch)
Wands
 u - a wand of polymorph (15)
Scrolls
 d - 2 scrolls of identify
 e - a scroll of blinking
 g - a scroll of acquirement {unknown}
 n - a scroll of torment {unknown}
 p - a scroll of holy word {unknown}
 s - a scroll of noise {unknown}
 w - a scroll of teleportation {unknown}
 x - a scroll of fear {unknown}
Potions
 f - a potion of haste
 h - a potion of lignification
 z - a potion of heal wounds {unknown}
 A - a potion of curing {unknown}


   Skills:
 + Level 4.5 Fighting
 + Level 3.6 Short Blades
 + Level 3.6 Long Blades
 + Level 3.6 Axes
 + Level 3.6 Maces & Flails
 + Level 3.6 Polearms
 + Level 3.6 Staves
 + Level 3.6 Slings
 + Level 3.6 Bows
 + Level 5.9 Crossbows
 + Level 3.6 Throwing
 + Level 3.6 Armour
 + Level 5.9 Dodging
 + Level 3.6 Stealth
 + Level 3.6 Shields
 + Level 3.6 Unarmed Combat
 + Level 4.6 Spellcasting
 + Level 3.0 Conjurations
 + Level 6.2 Hexes
 + Level 3.0 Summonings
 + Level 3.0 Necromancy
 + Level 3.0 Translocations
 + Level 3.0 Transmutations
 + Level 3.0 Fire Magic
 + Level 3.0 Ice Magic
 + Level 3.0 Air Magic
 + Level 3.0 Earth Magic
 + Level 3.0 Poison Magic
 + Level 4.0 Invocations
 + Level 3.6 Evocations


You had 10 spell levels left.
You knew the following spells:

 Your Spells              Type           Power      Damage    Failure   Level
a - Corona                Hex            21%        N/A       1%          1
b - Slow                  Hex            19%        N/A       2%          2
c - Inner Flame           Hex/Fire       15%        N/A       9%          3

Your spell library contained the following spells:

 Spells                   Type           Power      Damage    Failure   Level
 Passwall                 Tmut/Erth      8%         N/A       9%          2
 Portal Projectile        Hex/Tloc       30%        N/A       9%          3
 Cause Fear               Hex            9%         N/A       14%         4
 Swiftness                Air            10%        N/A       17%         3
 Invisibility             Hex            9%         N/A       92%         6


Dungeon Overview and Level Annotations

Branches:
Dungeon (6/15)
 Temple: D:4-7

Altars:
Cheibriados
Gozag
Qazlal
Uskayaw

Shops:
D:2 ?


Innate Abilities, Weirdness & Mutations

You are a tree.
Your roots penetrate the ground, keeping you stationary.
You cannot be teleported.
You are immune to unholy pain and torment.
Your maximum health is greatly increased.
Your equipment is partially melded.
((You have very sharp teeth.))
Your uncanny sense of smell can sniff out nearby items.
Your experience applies equally to all skills.


Message History

The water moccasin zombie is severely damaged.
The water moccasin zombie bites you but does no damage.
You whack the water moccasin zombie!
The water moccasin zombie is almost destroyed.
The water moccasin zombie stops glowing.
The water moccasin zombie bites you but does no damage. x2
You hit the water moccasin zombie.
Lightning courses through the water moccasin zombie!
You destroy the water moccasin zombie!
Your life force feels restored.
Your Conjurations skill increases to level 3!
Your Summonings skill increases to level 3!
Your Necromancy skill increases to level 3!
Your Translocations skill increases to level 3!
Your Transmutations skill increases to level 3!
Your Fire Magic skill increases to level 3!
Your Ice Magic skill increases to level 3!
Your Air Magic skill increases to level 3!
Your Earth Magic skill increases to level 3!
Your Poison Magic skill increases to level 3!
Your Invocations skill increases to level 4!
Casting: Corona (safe; 1% risk of failure)
Confirm with . or Enter, or press ? or * to list all spells.
Aiming: Corona (safe; 1% risk of failure)
Press: ? - help, Shift-Dir - straight line, f - wyvern zombie
Aim: a wyvern zombie (chance to affect: 69%)
The wyvern zombie is outlined in light.
The wyvern zombie bites you but does no damage. x2
You hit the wyvern zombie.
The wyvern zombie is lightly damaged.
Your transformation is almost over.
The wyvern zombie barely misses you.
You hit the wyvern zombie.
The wyvern zombie is lightly damaged.
The wyvern zombie bites you.
* * * LOW HITPOINT WARNING * * *
You hit the wyvern zombie.
The wyvern zombie is moderately damaged.
The wyvern zombie bites you!
You die...

.......#.###.#.$............
.......#....................
#.....#.....................
.##..#..#...................
..>.###.##..................
.........##...............#
................#...#.....#
....)..........##Z..#.......
...<.....[......♣#......####
..#.........>##?.#........ ∆
..#........###..#.....#.[..
............##..#....##.....
...#.........#..#...## .....
#######.#.#....##..##
#............## #..........
..


You could see a wyvern zombie (corona).

Vanquished Creatures
  Grinder (D:5)
  A water moccasin (D:5)
  An ice beast (D:5)
  A black bear (D:5)
  A centaur (D:5)
  2 scorpions
  A water moccasin zombie (D:6)
  A wyvern skeleton (D:6)
  5 wights
  A bullfrog zombie (D:6)
  3 hounds
  A bullfrog skeleton (D:6)
  3 orc priests
  2 iguanas (D:5)
  An orc wizard (D:4)
  A howler monkey skeleton (D:4)
  2 howler monkey zombies
  4 gnolls (D:4)
  4 adders
  An adder skeleton (D:4)
  2 dart slugs
  15 orcs
  6 ball pythons
  4 bats
  6 endoplasms
  2 giant cockroaches (D:3)
  9 hobgoblins
  3 jackals (D:4)
  4 quokkas
  3 frilled lizards
  12 goblins
  5 kobolds
  6 rats
114 creatures vanquished.

Vanquished Creatures (others)
  10 plants (D:1)
10 creatures vanquished.

Grand Total: 124 creatures vanquished

Notes
Turn   | Place    | Note
-------+----------+-------------------------------------------
     0 | D:1      | DearestLeader the Gnoll Arcane Marksman began the quest for
                  | the Orb.
     0 | D:1      | Reached XP level 1. HP: 17/17 MP: 4/4
   123 | D:1      | Found a faded altar of an unknown god.
   212 | D:1      | Reached XP level 2. HP: 17/23 MP: 2/5
   889 | D:2      | Learned a level 2 spell: Slow
  1056 | D:2      | Reached XP level 3. HP: 26/28 MP: 7/7
  1557 | D:2      | Reached skill level 1 in Invocations
  1574 | D:2      | Found Veac's Magic Scroll Shoppe.
  1596 | D:2      | Reached skill level 1 in Short Blades
  1596 | D:2      | Reached skill level 1 in Long Blades
  1596 | D:2      | Reached skill level 1 in Axes
  1596 | D:2      | Reached skill level 1 in Maces & Flails
  1596 | D:2      | Reached skill level 1 in Polearms
  1596 | D:2      | Reached skill level 1 in Staves
  1596 | D:2      | Reached skill level 1 in Slings
  1596 | D:2      | Reached skill level 1 in Bows
  1596 | D:2      | Reached skill level 1 in Throwing
  1596 | D:2      | Reached skill level 1 in Armour
  1596 | D:2      | Reached skill level 1 in Stealth
  1596 | D:2      | Reached skill level 1 in Shields
  1596 | D:2      | Reached skill level 1 in Unarmed Combat
  1596 | D:2      | Reached skill level 1 in Evocations
  1943 | D:3      | Found a snail-covered altar of Cheibriados.
  1948 | D:3      | Reached XP level 4. HP: 34/34 MP: 8/8
  1976 | D:3      | Reached skill level 1 in Conjurations
  1976 | D:3      | Reached skill level 1 in Summonings
  1976 | D:3      | Reached skill level 1 in Necromancy
  1976 | D:3      | Reached skill level 1 in Translocations
  1976 | D:3      | Reached skill level 1 in Transmutations
  1976 | D:3      | Reached skill level 1 in Fire Magic
  1976 | D:3      | Reached skill level 1 in Ice Magic
  1976 | D:3      | Reached skill level 1 in Air Magic
  1976 | D:3      | Reached skill level 1 in Earth Magic
  1976 | D:3      | Reached skill level 1 in Poison Magic
  2227 | D:3      | Learned a level 3 spell: Inner Flame
  2712 | D:4      | Reached XP level 5. HP: 10/40 MP: 9/9
  3433 | D:4      | Reached XP level 6. HP: 4/47 MP: 8/10
  4331 | D:4      | Reached skill level 5 in Crossbows
  4331 | D:4      | Reached skill level 5 in Dodging
  4526 | D:5      | Entered Level 5 of the Dungeon
  4540 | D:5      | Found a hide-covered altar of Uskayaw.
  4804 | D:5      | Noticed Grinder
  4822 | D:5      | Killed Grinder
  4823 | D:5      | Reached XP level 7. HP: 38/52 MP: 12/12
  5101 | D:5      | Found a stormy altar of Qazlal.
  5222 | D:5      | Reached skill level 6 in Hexes
  5222 | D:5      | Reached XP level 8. HP: 50/60 MP: 14/14
  5281 | D:5      | Found an opulent altar of Gozag.
  6550 | D:6      | Slain by a wyvern zombie

Illustrated notes

Levels and vault maps discovered:
D:1:      tarquinn_simple_flora_water_a, layout_rooms,
          chequers_ecumenical_altar_simple
D:2:      layout_basic, serial_shops, shop
D:3:      layout_rooms, overflow_temple_1_default
D:4:      layout_basic
D:5:      layout_basic, old_standard_altar, grunt_gozag_breadcrumbs,
          nicolae_qazlal_scattered_showers, uniq_grinder
D:6:      layout_cave_pools, lemuel_blue_sif_altar,
          minmay_temple_entry_enclosed_plants, serial_undead, serial_undead_d,
          serial_undead_a, serial_undead_a, serial_undead_f,
          nicolae_elemental_shop

Skill      XL: |  1  2  3  4  5  6  7  8 |
---------------+-------------------------+-----
Invocations    | 1 2 3 4 |  4.0
Short Blades   | 1 2 3 |  3.6
Long Blades    | 1 2 3 |  3.6
Axes           | 1 2 3 |  3.6
Maces & Flails | 1 2 3 |  3.6
Polearms       | 1 2 3 |  3.6
Staves         | 1 2 3 |  3.6
Slings         | 1 2 3 |  3.6
Bows           | 1 2 3 |  3.6
Throwing       | 1 2 3 |  3.6
Armour         | 1 2 3 |  3.6
Stealth        | 1 2 3 |  3.6
Shields        | 1 2 3 |  3.6
Unarmed Combat | 1 2 3 |  3.6
Evocations     | 1 2 3 |  3.6
Spellcasting   | 3 4 |  4.6
Conjurations   | 1 2 3 |  3.0
Summonings     | 1 2 3 |  3.0
Necromancy     | 1 2 3 |  3.0
Translocations | 1 2 3 |  3.0
Transmutations | 1 2 3 |  3.0
Fire Magic     | 1 2 3 |  3.0
Ice Magic      | 1 2 3 |  3.0
Air Magic      | 1 2 3 |  3.0
Earth Magic    | 1 2 3 |  3.0
Poison Magic   | 1 2 3 |  3.0
Fighting       | 3 4 |  4.5
Crossbows      | 5 |  5.9
Dodging        | 5 |  5.9
Hexes          | 6 |  6.2

Action                   |  1- 3 |  4- 6 |  7- 9 || total
-------------------------+-------+-------+-------++-------
Melee: Short sword       |   101 |       |       ||   101
       Bite              |     6 |    16 |    11 ||    33
       Dagger            |    42 |   204 |   118 ||   364
       Punch             |     1 |     1 |     3 ||     5
       Whip              |       |     6 |    65 ||    71
 Fire: Hand crossbow     |     9 |     8 |       ||    17
 Cast: Corona            |     5 |     4 |     7 ||    16
       Inner Flame       |       |     1 |       ||     1
  Use: Scroll            |     2 |     1 |       ||     3
       Potion            |       |     3 |     1 ||     4
 Stab: Sleeping          |       |     1 |     5 ||     6
Armor: Leather armour    |    15 |     4 |    68 ||    87
       Ring mail         |    34 |    72 |       ||   106
       Skin              |       |       |    17 ||    17
Dodge: Dodged            |    98 |   129 |   101 ||   328
